AoeStats
← komutan logar

Four Lakes

508293539Analyzed
1v1 RM · 12d ago on Sep 21, 2026· 52m 45s· 2 players
Game mode
Random Map
Map size
Tiny (2 player)
Population
200
Speed
Normal
Resources
Standard
Victory
Conquest
Starting age
Dark Age
Ending age
Imperial Age
RankedLock teamsTeams togetherTeam positionsShared explorationLock speedFull tech treeHidden civsTurbo modeCheats
Victory
Defeat
🇩🇪 Italians · Germany
1196
+15
🇹🇷 Persians · Türkiye
1180
-15
komutan logar
7:00 Loom
9:41 Feudal Age
16:53 Gold Mining
16:47 Fishing Lines
20:32 Castle Age
19:01 Fletching
19:12 Padded Archer Armor
20:29 Elite Skirmisher
21:20 Double-Bit Axe
21:37 Bodkin Arrow
21:44 Squires
22:19 Gillnets
23:51 Bow Saw
24:43 Wheelbarrow
25:39 Gold Shaft Mining
25:25 Horse Collar
26:22 Stone Mining
26:22 Town Watch
28:06 Stone Shaft Mining
28:43 Leather Archer Armor
28:44 Crossbowman
29:32 Heavy Plow
31:05 Hand Cart
35:59 Imperial Age
33:32 Husbandry
34:04 Thumb Ring
34:10 Kamandaran
34:36 Bloodlines
35:01 Town Patrol
35:28 Forging
36:24 Ballistics
36:50 Conscription
37:03 Thumb Ring
38:02 Chemistry
37:24 Scale Barding Armor
38:57 Iron Casting
39:26 Two-Man Saw
39:30 Cavalier
39:32 Light Cavalry
41:01 Hussar
42:47 Citadels
44:35 Masonry
45:50 Blast Furnace
49:13 Chain Barding Armor
51:08 Ring Archer Armor
51:11 Architecture
Red_Iffun
10:46 Feudal Age
10:00 Loom
11:54 Double-Bit Axe
11:52 Fishing Lines
17:11 Castle Age
18:09 Bow Saw
18:35 Gillnets
19:25 Medium Warships
19:08 Gold Mining
20:22 Wheelbarrow
19:35 Town Watch
24:47 Horse Collar
26:21 Heavy Plow
27:38 Stone Mining
30:41 Hand Cart
33:49 Imperial Age
32:04 Siphons
32:22 Ballistics
32:04 Arson
32:19 Squires
32:27 Scale Barding Armor
32:25 Scale Mail Armor
32:35 Forging
34:17 Chain Mail Armor
34:37 Iron Casting
34:43 Stone Shaft Mining
34:30 Masonry
34:18 Murder Holes
35:35 Conscription
35:48 Plate Mail Armor
36:48 Chemistry
36:18 Architecture
37:22 Blast Furnace
35:47 Elite Skirmisher
36:11 Light Cavalry
37:02 Bloodlines
37:10 Pirotechnia
37:55 Hoardings
36:46 Elite Genoese Crossbowman
37:32 Padded Archer Armor
37:23 Fletching
38:08 Treadmill Crane
42:35 Two-Man Saw
41:55 Bodkin Arrow
46:24 Hoardings
49:58 Bracer
Connection lost

Rejoining the realm…

Still unreachable

The connection could not be restored.

Session expired

The server has moved on; the page needs a fresh start.